 Dungeon Crawl Stone Soup version 0.30-a0-1161-g0704695555 (webtiles) character file.

Game seed: 7963832434137194852

27 qeuew the Sneak (level 2, 0/12 (13) HPs)
             Began as a Spriggan Enchanter on Apr 27, 2023.
             Slain by a kobold
             ... wielding a +0 dagger of draining
              (3 damage)
             ... on level 2 of the Dungeon.
             The game lasted 00:01:25 (819 turns).

qeuew the Sneak (Spriggan Enchanter)                 Turns: 819, Time: 00:01:26

HP:   0/12 (13)     AC:  2    Str:  4    XL:     2   Next: 93%
MP:   4/6           EV: 17    Int: 16    God:
Gold: 5             SH:  0    Dex: 15    Spells: 4/6 levels left

rFire   . . .        a - +1 dagger (flame)
rCold   . . .        (no shield)
rNeg    . . .        b - +0 robe
rPois   .            (helmet restricted)
rElec   .            (no cloak)
rCorr   .            (gloves unavailable)
SInv    +            (boots unavailable)
Will    .....        (no amulet)
Stlth   +++          (no ring)
HPRegen 0.22/turn    (no ring)
MPRegen 0.10/turn

%: no passive effects
@: drained, very quick
A: very small, no large weapons, unfitting armour, see invisible, speed 3
a: no special abilities


You were on level 2 of the Dungeon.
You visited 1 branch of the dungeon, and saw 2 of its levels.

You collected 5 gold pieces.

Inventory:

Hand Weapons
 a - a +1 dagger of flaming (weapon)
Armour
 b - a +0 robe (worn)
Wands
 f - a wand of light (3)
Scrolls
 e - 3 scrolls of identify
 i - a scroll of blinking {unknown}
Potions
 c - a potion of invisibility
 d - a potion of brilliance {unknown}
 g - a potion of experience {unknown}
 h - a potion of magic {unknown}


   Skills:
 * Level 1.8 Short Blades
 + Level 3.0 Dodging
 * Level 5.0 Stealth
 + Level 2.8 Spellcasting
 * Level 4.1 Hexes


You had 4 spell levels left.
You knew the following spells:

 Your Spells              Type           Power      Damage    Failure   Level
a - Ensorcelled Hibernat  Hex/Ice        16%        N/A       12%         2

Your spell library contained the following spells:

 Spells                   Type           Power      Damage    Failure   Level
 Confusing Touch          Hex            15%        N/A       11%         3
 Tukima's Dance           Hex            15%        N/A       11%         3
 Dazzling Flash           Conj/Hex       16%        N/A       24%         3


Dungeon Overview and Level Annotations

Branches:
Dungeon (2/15)

Altars:


Innate Abilities, Weirdness & Mutations

You are very small and have problems with some larger weapons.
You are too small for most types of armour.
You have supernaturally acute eyesight. (SInv)
You cover ground extremely quickly. (Speed+++)


Message History

The quokka closely misses you.
You closely miss the adder. The adder misses you. The adder bites you.
You are poisoned.
The adder poisons you! The quokka closely misses you.
You closely miss the adder.
You feel sick. The adder barely misses you. The quokka closely misses you.
You hit the adder. You burn the adder.
The adder is moderately wounded.
You feel sick. The kobold misses you. The adder bites you but does no damage.
The quokka bites you.
You completely miss the adder.
The adder is moderately wounded.
The adder closely misses you. The kobold closely misses you.
The quokka barely misses you.
You closely miss the adder.
The adder is moderately wounded.
You feel sick. The adder bites you but does no damage.
The quokka closely misses you. The kobold misses you.
You closely miss the adder.
The adder is moderately wounded.
You feel sick. The adder bites you.
The quokka bites you but does no damage.
The kobold hits you with a +0 dagger of draining.
You feel drained.
You are too injured to fight recklessly!
You are too injured to fight recklessly!
You are too injured to fight recklessly!
You are too injured to fight recklessly!
You are too injured to fight recklessly!
You are too injured to fight recklessly!
Unknown command.
Aiming: Ensorcelled Hibernation (safe; 12% risk of failure)
Press: ? - help, Q - select action, (/) - cycle Shift-Dir - straight line, f - adder
Aim: an adder (moderately wounded, chance to affect: 50%)
The adder resists with some effort.
You feel sick.
You are no longer poisoned.
The adder completely misses you. The quokka closely misses you.
The kobold hits you with a +0 dagger of draining.
You die...

#.##.# #.#
#.# #.#
####.##.####
#..........#
........##.##
..##.####...#
#. #.r@# #
#.KS# .......
#........
#.........
..!.#...####
.####...#
#...#


You could see an adder, a quokka and a kobold.

Vanquished Creatures
  A dart slug (D:1)
  An endoplasm (D:1)
  3 giant cockroaches (D:1)
  A hobgoblin (D:1)
  A quokka (D:1)
  3 ball pythons (D:1)
  4 bats
  3 frilled lizards (D:1)
  2 goblins (D:1)
  3 kobolds (D:1)
  3 rats
25 creatures vanquished.

Notes
Turn   | Place    | Note
-------+----------+-------------------------------------------
     0 | D:1      | qeuew the Spriggan Enchanter began the quest for the Orb.
     0 | D:1      | Reached XP level 1. HP: 9/9 MP: 5/5
   141 | D:1      | Reached XP level 2. HP: 13/13 MP: 6/6
   232 | D:1      | Learned a level 2 spell: Ensorcelled Hibernation
   772 | D:2      | Reached skill level 5 in Stealth
   819 | D:2      | Slain by a kobold

Illustrated notes

Levels and vault maps discovered:
D:1:      kennysheep_arrival_seaside, layout_rooms, serial_bayou_lagoon_b
D:2:      layout_loops_ring, ebering_ecumenical_altar_abandoned, uniq_terence

Skill      XL: |  1  2 |
---------------+-------+-----
Hexes          | 4 |  4.1
Dodging        | 3 |  3.0
Stealth        | 5 |  5.0
Short Blades   | |  1.8
Spellcasting   | |  2.8

Action                     || total
---------------------------++-------
  Melee: Dagger            ||    94
         Punch             ||     2
   Cast: Ensorcelled Hiber ||     1
    Use: Potion            ||     1
         Scroll            ||     3
   Stab: Invisible         ||     3
         Sleeping          ||     5
 Armour: Robe              ||     7
  Dodge: Dodged            ||   126

Table legend: (Time is in decaauts)
 A = Elapsed time spent in this place.
 B = Non-inter-level travel time spent in this place.
 C = Inter-level travel time spent in this place.
 D = Time resting spent in this place.
 E = Time spent auto-exploring this place.
 F = Levels seen in this place.
 G = Mean time per level.
                   A        B        C        D        E       F      G
               +--------+--------+--------+--------+--------+-----+--------+
         Total |    583 |    564 |     19 |      0 |    395 |   2 |  291.5 |
       Dungeon |    583 |    564 |     19 |      0 |    395 |   2 |  291.5 |
               +--------+--------+--------+--------+--------+-----+--------+

Top non-repeatable levels by time:
     D:1: 445 daAuts
     D:2: 138 daAuts
